 Dungeon Crawl Stone Soup version 0.30-b1-2-g02819fbbbe (webtiles) character file.

Game seed: 6930625681294204036

7530 Metae the Fighter (level 10, -1/120 HPs)
             Began as a Demonspawn Fighter on June 30, 2023.
             Was a Priest of Okawaru.
             Killed by divine providence
             ... invoked by an orc priest
              (11 damage)
             ... on level 9 of the Dungeon.
             The game lasted 00:24:43 (8532 turns).

Metae the Fighter (Demonspawn Fighter)              Turns: 8532, Time: 00:24:43

Health: -1/120     AC: 29    Str: 20    XL:     10   Next: 96%
Magic:  13/14      EV: 17    Int:  9    God:    Okawaru [***...]
Gold:   747        SH: 12    Dex: 20    Spells: 9/9 levels left

rFire   . . .        e - +9 hand axe of the Lair of Beasts {speed, +Blink rC- Dex+6}
rCold   x . .        c - +0 buckler
rNeg    . . .        O - +0 plate armour
rPois   .            F - +0 helmet
rElec   .            I - +0 cloak
rCorr   .            (no gloves)
SInv    .            w - +0 pair of boots
Will    .....        (no amulet) Stlth
                     S - +5 ring of evasion
HPRegen 0.40/turn    (no ring)
MPRegen 0.14/turn

%: no passive effects
@: mighty, berserking, heroic, sanguine armoured, very quick
A: powered by pain 2, sanguine armour 2, condensation shield, weakness stinger 1
a: Renounce Religion, Evoke Blink, Heroism


You were on level 9 of the Dungeon.
You worshipped Okawaru.
Okawaru was most pleased with you.
You visited 2 branches of the dungeon, and saw 10 of its levels.
You also visited: Sewer.

You collected 747 gold pieces.

Inventory:

Hand Weapons
 e - the +9 hand axe of the Lair of Beasts (weapon) {speed, +Blink rC- Dex+6}
   (You found it on level 2 of the Dungeon)

   Dex:       It affects your dexterity (+6).
   rC:        It makes you vulnerable to cold.
   +Blink:    It lets you blink.
Missiles
 l - 4 boomerangs
 x - 9 curare-tipped darts
 z - 4 javelins
 P - 51 poisoned darts (quivered)
 Q - 4 boomerangs of dispersal
Armour
 c - a +0 buckler (worn)
 t - a +0 chain mail of poison resistance
 w - a +0 pair of boots (worn)
 F - a +0 helmet (worn)
 I - a +0 cloak (worn)
 O - a +0 plate armour (worn)
 W - the +3 hat of Pondering {ponderous, Will+ MP+10 Int+5}
   (You took it off Gastronok on level 8 of the Dungeon)

   Int:       It affects your intelligence (+5).
   MP:        It affects your magic capacity (+10).
   Will:      It increases your willpower.
Magical Staves
 o - a staff of conjuration
Jewellery
 S - a +5 ring of evasion (left hand)
 U - an amulet of magic regeneration
Wands
 v - a wand of flame (6)
 K - a wand of paralysis (21)
 V - a wand of iceblast (10)
Scrolls
 f - 3 scrolls of identify
 h - 4 scrolls of teleportation
 i - 2 scrolls of noise {unknown}
 m - a scroll of enchant weapon {unknown}
 q - 3 scrolls of immolation
 r - 3 scrolls of fog
 u - 3 scrolls of enchant armour
 y - 2 scrolls of poison {unknown}
 A - 3 scrolls of brand weapon
 C - a scroll of amnesia {unknown}
 D - a scroll of magic mapping {unknown}
 J - a scroll of silence {unknown}
 M - 2 scrolls of acquirement {unknown}
 N - a scroll of summoning {unknown}
 T - a scroll of fear {unknown}
Potions
 a - 2 potions of curing {unknown}
 b - a potion of berserk rage
 d - 2 potions of might
 j - 3 potions of brilliance {unknown}
 k - a potion of haste {unknown}
 n - 3 potions of lignification
 p - a potion of heal wounds {unknown}
 s - a potion of cancellation {unknown}
 B - 2 potions of mutation
 E - 6 potions of flight
 G - 2 potions of magic {unknown}
 H - 2 potions of ambrosia {unknown}
 L - 2 potions of attraction {unknown}
 R - a potion of resistance {unknown}


   Skills:
 + Level 8.0(13.0) Fighting
 + Level 6.8(11.8) Axes
 + Level 7.2(12.2) Armour
 + Level 6.6(11.6) Dodging
 + Level 7.2(12.2) Shields
 + Level 5.7 Invocations


You had 9 spell levels left.
You didn't know any spells.
Your spell library contained the following spells:

 Spells                   Type           Power      Damage    Failure   Level
 Freeze                   Ice            0%         1d3       100%        1
 Cigotuvi's Dreadful Rot  Necr/Pois/Air  0%         N/A       100%        2
 Passwall                 Tmut/Erth      0%         N/A       100%        2
 Dazzling Flash           Conj/Hex       0%         N/A       100%        3
 Frozen Ramparts          Ice            0%         1d1       100%        3
 Hailstorm                Conj/Ice       0%         3d3       100%        3
 Inner Flame              Hex/Fire       0%         N/A       100%        3
 Volatile Blastmotes      Fire/Tloc      0%         2d10      100%        3
 Flame Wave               Conj/Fire      0%         2d4       100%        4
 Iskenderun's Mystic Bla  Conj/Tloc      0%         2d3       100%        4
 Sticky Flame             Conj/Fire      0%         2d3       100%        4
 Borgnjor's Vile Clutch   Necr/Erth      0%         N/A       100%        5
 Iron Shot                Conj/Erth      0%         9d1       100%        6
 Starburst                Conj/Fire      0%         6d3       100%        6
 Animate Armour           Summ/Erth      Unusable   N/A       N/A         4

Dungeon Overview and Level Annotations

Branches:
Dungeon (9/15)             Temple (1/1) D:7           Sewer (visited)
   Lair: D:8-11         Orc: D:9-12

Altars:
Ashenzari
Cheibriados
Dithmenos
Fedhas
Gozag
Hepliaklqana
Kikubaaqudgha
Makhleb
Nemelex Xobeh
Okawaru
Qazlal
Ru
Sif Muna
Trog
Vehumet
Wu Jian
Xom
Yredelemnul

Shops:
D:7 (

Annotations:
D:9 Erolcha
Temple 2 transporters


Innate Abilities, Weirdness & Mutations

You sometimes gain power by taking damage.
When seriously injured, your blood forms thick armour. (AC +9)
A meltable shield of frost defends you. (SH +4)
You have a small tail.


Message History

You hit the water moccasin. You tail-slap the water moccasin!
The water moccasin is severely wounded.
You hit the yak. The yak closely misses you.
You hit the water moccasin.
The water moccasin is severely wounded.
You hit the yak.
The water moccasin bites you but does no damage.
You closely miss the water moccasin.
Your tail-slap misses the water moccasin.
The water moccasin is severely wounded.
You hit the yak. The water moccasin bites you.
* * * LOW HITPOINT WARNING * * *
You feel very mighty all of a sudden. The yak barely misses you.
The water moccasin barely misses you.
It was a potion of berserk rage.
A red film seems to cover your vision as you go berserk!
You feel yourself moving faster!
You feel mighty! The water moccasin barely misses you.
You block the yak's attack.
Unknown command.
You miss the water moccasin.
The water moccasin is severely wounded.
You slash the yak!
You kill the yak!
Okawaru accepts your kill. The water moccasin closely misses you.
The orc priest begins to cast a cantrip, but forgets the words!
You slash the water moccasin!
You kill the water moccasin!
Okawaru accepts your kill.
You slash the yak! You slash the bullfrog!
The bullfrog is almost dead.
You slash the yak! You slash the bullfrog!
You kill the bullfrog!
Okawaru accepts your kill.
You slash the yak!
The orc priest mumbles some strange prayers to Beogh against you.
Beogh smites you!
You die...

#...# #...# ###...###
#.......# #.......#####
#.†.>........ .
#.†<....# ...
#.......###########o....
#......D@Yo.y.ooY<.Y....
#####'#'######oog.##....
#... #.g..# . #...
#....# ...... .......
#####+#+ .......?.
.....$..... .#..........


You could see a yak, a hornet, an orc warrior, an acid dragon, 3 orc priests and
an orc.

Vanquished Creatures
  Gastronok (D:8)
  A two-headed ogre (D:8)
  Pikel (D:5)
  Joseph (D:7)
  Maggie (D:6)
  Psyche (D:9)
  Prince Ribbit (D:7)
  A steam dragon (D:8)
  4 yaks (D:9)
  Menkaure (D:7)
  A water moccasin (D:9)
  2 orc warriors
  An ice beast (D:7)
  A black bear (D:6)
  2 ogres (D:8)
  3 centaurs
  A lemure (D:5)
  7 kobold brigands
  5 bullfrogs
  2 scorpions (D:5)
  3 wights (D:7)
  10 killer bees
  A howler monkey (D:9)
  3 orc priests
  4 hounds
  Crazy Yiuf (D:4)
  2 gnoll boudas (D:8)
  Terence (D:2)
  8 orc wizards
  2 sleepcaps (D:6)
  5 iguanas
  Natasha (thrice) (D:2)
  Robin (D:4)
  12 adders
  7 gnolls
  3 river rats (Sewer)
  5 white imps
  An ufetubus (D:6)
  7 worms
  3 dart slugs
  21 orcs
  6 endoplasms
  4 giant cockroaches
  20 goblins
  10 hobgoblins
  14 jackals
  40 kobolds
  7 quokkas
  19 ball pythons
  11 bats
  4 frilled lizards
  11 rats
287 creatures vanquished.

Notes
Turn   | Place    | Note
-------+----------+-------------------------------------------
     0 | D:1      | Metae the Demonspawn Fighter began the quest for the Orb.
     0 | D:1      | Reached XP level 1. HP: 18/18 MP: 1/1
   339 | D:1      | Gained mutation: You sometimes gain a little power by
                  | taking damage. [demonic ancestry]
   339 | D:1      | Reached XP level 2. HP: 24/24 MP: 2/2
   602 | D:1      | Found a faded altar of an unknown god.
  1085 | D:2      | Reached XP level 3. HP: 9/29 MP: 3/3
  1220 | D:2      | Reached skill level 1 in Dodging
  1285 | D:2      | Noticed Natasha
  1287 | D:2      | Noticed Terence
  1307 | D:2      | Killed Natasha
  1308 | D:2      | Reached XP level 4. HP: 11/35 MP: 4/4
  1314 | D:2      | Killed Terence
  1396 | D:2      | Noticed Natasha
  1400 | D:2      | Killed Natasha
  1469 | D:2      | Identified the +9 hand axe of the Lair of Beasts {speed,
                  | +Blink rC- Dex+6}
  1509 | D:2      | Noticed Natasha
  1519 | D:2      | Killed Natasha
  1520 | D:2      | Gained mutation: You sometimes gain power by taking damage.
                  | [demonic ancestry]
  1520 | D:2      | Reached XP level 5. HP: 34/42 MP: 5/5
  2121 | D:3      | Reached skill level 4 in Fighting
  2316 | D:3      | Gained mutation: When seriously injured, your blood forms
                  | armour. (AC +9) [demonic ancestry]
  2316 | D:3      | Reached XP level 6. HP: 48/48 MP: 6/6
  2782 | D:4      | Noticed Robin
  2790 | D:4      | Killed Robin
  3119 | D:4      | Found a runed translucent door.
  3120 | D:4      | Noticed Crazy Yiuf
  3236 | D:4      | Found a snail-covered altar of Cheibriados.
  3332 | D:4      | Found an ornate altar of the Wu Jian Council.
  3575 | D:4      | Killed Crazy Yiuf
  3616 | D:5      | Entered Level 5 of the Dungeon
  3669 | D:5      | Gained mutation: A meltable shield of frost defends you.
                  | (SH +4) [demonic ancestry]
  3669 | D:5      | Reached XP level 7. HP: 51/55 MP: 7/7
  3703 | D:5      | Found a sacrificial altar of Ru.
  3807 | D:5      | Noticed Pikel
  3827 | D:5      | Killed Pikel
  3828 | D:5      | Reached skill level 5 in Fighting
  3828 | D:5      | Reached XP level 8. HP: 32/62 MP: 8/8
  4290 | D:5      | Found a glowing drain.
  4304 | Sewer    | Entered a sewer
  5150 | D:5      | Reached skill level 5 in Armour
  5150 | D:5      | Reached skill level 5 in Shields
  5370 | D:6      | Identified the +0 robe "Quunelu" {Rampage Dex-4 SInv}
  5562 | D:6      | Reached skill level 6 in Fighting
  5677 | D:6      | Reached skill level 5 in Axes
  5712 | D:6      | Noticed Maggie
  5736 | D:6      | Killed Maggie
  5737 | D:6      | Gained mutation: You have a small tail. [demonic ancestry]
  5737 | D:6      | Reached XP level 9. HP: 59/69 MP: 9/9
  6176 | D:7      | Reached skill level 5 in Dodging
  6336 | D:7      | Found a staircase to the Ecumenical Temple.
  6377 | Temple   | Entered the Ecumenical Temple
  6377 | Temple   | Found a transporter.
  6377 | Temple   | Found a transporter.
  6379 | Temple   | Found a transporter.
  6379 | Temple   | Found a transporter.
  6407 | Temple   | Became a worshipper of Warmaster Okawaru
  6447 | D:7      | Noticed Prince Ribbit
  6464 | D:7      | Killed Prince Ribbit
  6465 | D:7      | Reached skill level 1 in Invocations
  6724 | D:7      | Noticed Menkaure
  6728 | D:7      | Killed Menkaure
  6777 | D:7      | Found Nyxinob's Weapon Boutique.
  6856 | D:7      | Noticed Joseph
  6874 | D:7      | Killed Joseph
  6874 | D:7      | Reached * piety under Okawaru
  6875 | D:7      | Reached skill level 7 in Fighting
  7175 | D:8      | Noticed a two-headed ogre
  7187 | D:8      | Killed a two-headed ogre
  7188 | D:8      | Gained mutation: When seriously injured, your blood forms
                  | thick armour. (AC +9) [demonic ancestry]
  7188 | D:8      | Reached XP level 10. HP: 49/79 MP: 12/12
  7290 | D:8      | Reached ** piety under Okawaru
  7794 | D:8      | Got the Lectures on Contamination and Topomancy
  7880 | D:8      | Noticed Gastronok
  7897 | D:8      | Killed Gastronok
  8300 | D:8      | Reached *** piety under Okawaru
  8301 | D:8      | Reached skill level 5 in Invocations
  8483 | D:9      | Noticed Erolcha
  8492 | D:9      | Noticed Psyche
  8505 | D:9      | Killed Psyche
  8506 | D:9      | Reached skill level 8 in Fighting
  8532 | D:9      | Killed from afar by an orc priest

Illustrated notes

Levels and vault maps discovered:
D:1:      lightli_arrival_flooded_house, layout_basic, basic_ecumenical_altar,
          minmay_pentomino_p2
D:2:      layout_rooms, uniq_terence, uniq_natasha
D:3:      layout_basic
D:4:      layout_basic, mainiacjoe_overflow_catwalk, cheibrodos_worm_habitat,
          uniq_robin, uniq_crazy_yiuf_cottage
D:5:      layout_basic, lemuel_crystal_altar, portal_sewer_entry_e, uniq_pikel
D:6:      layout_loops_ring, uniq_maggie
D:7:      layout_basic, minmay_temple_entry_antechambers, serial_shops, shop,
          solitary_fountain, uniq_joseph, uniq_menkaure, uniq_prince_ribbit1
D:8:      kennysheep_housing_project, layout_rooms, uniq_gastronok
D:9:      layout_basic, serial_curves, eino_curves_02, eino_curves_04,
          nicolae_wooded_promenade, grunt_decor_junction, uniq_psyche,
          uniq_harold, uniq_erolcha
Temple:   hellmonk_temple_divided_pantheon

Skill      XL: |  1  2  3  4  5  6  7  8  9 10 |
---------------+-------------------------------+-----
Axes           | 2 3 4 5 6 |  6.8
Armour         | 3 4 5 6 7 |  7.2
Shields        | 3 4 5 6 7 |  7.2
Dodging        | 1 2 3 4 5 6 |  6.6
Fighting       | 4 5 6 7 8 |  8.0
Invocations    | 3 5 |  5.7

Action                     |  1- 3 |  4- 6 |  7- 9 | 10-12 || total
---------------------------+-------+-------+-------+-------++-------
  Melee: War axe           |   121 |    16 |       |       ||   137
         Hand axe          |       |   161 |   331 |   132 ||   624
         Tailslap          |       |       |    13 |    16 ||    29
  Throw: Dart              |       |       |     4 |       ||     4
         Stone             |       |       |     1 |       ||     1
 Invoke: Heroism           |       |       |       |     2 ||     2
    Use: Scroll            |       |       |       |     6 ||     6
         Potion            |       |       |       |     3 ||     3
 Armour: Chain mail        |    78 |    57 |    73 |       ||   208
         Scale mail        |     5 |       |       |       ||     5
         Plate armour      |       |       |    33 |    56 ||    89
  Dodge: Dodged            |    40 |    50 |    76 |    57 ||   223
  Block: Buckler           |    36 |    29 |   126 |    49 ||   240
